 Dungeon Crawl Stone Soup version 0.20.1-1-g8b1a95d66d (webtiles) character file.

923 LanceBluefire the Cleaver (level 8, -2/69 HPs)
             Began as a Hill Orc Fighter on Dec 2, 2017.
             Was an Initiate of Beogh.
             Slain by a killer bee (5 damage)
             ... on level 7 of the Dungeon.
             The game lasted 00:50:33 (5056 turns).

LanceBluefire the Cleaver (Hill Orc Fighter)        Turns: 5056, Time: 00:50:35

Health: -2/69      AC:  8    Str: 23    XL:     8   Next: 10%
Magic:  8/8        EV: 10    Int:  5    God:    Beogh [......]
Gold:   200        SH:  8    Dex: 10    Spells: 7/7 levels left

rFire    . . .     SeeInvis .   a - +0 war axe
rCold    . . .     Gourm    .   p - +0 buckler
rNeg     . . .     Faith    .   b - +1 scale mail
rPois    .         Spirit   .   (no helmet)
rElec    .         Reflect  .   (no cloak)
rCorr    .         Harm     .   (no gloves)
MR       .....     Rnd*Tele +   (no boots)
Stlth    ..........             (no amulet)
Regen    0.3/turn               r - -3 ring of intelligence (curse)
MPRegen  0.2/turn               C - ring of teleportation (curse)

@: lethally poisoned (-2 -> -3)
A: large bone plates 1, strong 1, wild magic 1
a: Renounce Religion


You were on level 7 of the Dungeon.
You worshipped Beogh.
Beogh was noncommittal.
You were not hungry.

You visited 2 branches of the dungeon, and saw 8 of its levels.

You collected 200 gold pieces.

Inventory:

Hand Weapons
 a - a +0 war axe (weapon)
 e - a +0 hand axe
 h - a +0 whip
 n - a +0 whip
 w - a +0 short sword
 B - a +0 morningstar
 E - a +0 hunting sling
 K - a +0 flail
Missiles
 l - 80 stones
 t - 66 arrows
 u - 17 bolts
 y - 47 sling bullets (quivered)
 N - 2 throwing nets
Armour
 b - a +1 scale mail (worn)
 c - a +0 shield
 d - a +0 ring mail
 j - a +0 ring mail
 p - a +0 buckler (worn)
 s - a +0 leather armour
 M - a +0 ring mail
Jewellery
 r - a cursed -3 ring of intelligence (left hand)
 C - a cursed ring of teleportation (right hand)
 F - a cursed ring of loudness {unknown}
 G - an uncursed ring of resist corrosion {unknown}
Wands
 J - a wand of iceblast (7/15)
Scrolls
 g - a scroll of immolation {unknown}
 m - 7 scrolls of remove curse {unknown}
 q - 3 scrolls of teleportation {unknown}
 v - 5 scrolls of identify {unknown}
 x - a scroll of random uselessness {unknown}
 A - 2 scrolls of noise {unknown}
Potions
 o - 3 potions of curing
 z - 2 potions of degeneration {unknown}
 H - 2 potions of brilliance {unknown}
 L - a potion of resistance {unknown}
Books
 O - a book of Flames

   Spells                             Type                      Level
   a - Flame Tongue                   Conjuration/Fire             1
   b - Throw Flame                    Conjuration/Fire             2
   c - Conjure Flame                  Conjuration/Fire             3
   d - Inner Flame                    Hexes/Fire                   3
   e - Sticky Flame                   Conjuration/Fire             4
   f - Fireball                       Conjuration/Fire             5
Comestibles
 f - 3 bread rations
 i - 13 fruits
 I - a royal jelly


   Skills:
 * Level 5.4 Fighting
 * Level 8.0(8.5) Axes
 * Level 3.4(5.5) Maces & Flails
 + Level 4.8 Armour
 + Level 1.4 Dodging
 + Level 4.5 Shields


You had 7 spell levels left.
You didn't know any spells.

Dungeon Overview and Level Annotations

Branches:
Dungeon (7/15)             Temple (1/1) D:4

Altars:
Ashenzari
Cheibriados
Dithmenos
Elyvilon
Fedhas
Gozag
Hepliaklqana
Kikubaaqudgha
Makhleb
Nemelex Xobeh
Okawaru
Qazlal
Ru
Sif Muna
Trog
Uskayaw
Vehumet
Xom
Yredelemnul
Zin
The Shining One


Innate Abilities, Weirdness & Mutations

You are partially covered in large bone plates. (SH +4)
Your muscles are strong. (Str +2)
Your spells are a little harder to cast, but a little more powerful.


Message History

You feel sick.
You barely miss the killer bee.
The killer bee is moderately wounded.
You block the killer bee's attack. The killer bee stings you.
* * * LOW HITPOINT WARNING * * *
The killer bee barely misses you.
It was a potion of magic.
Magic courses through your body.
The killer bee stings you but does no damage. x2
The killer bee stings you.
* * * LOW HITPOINT WARNING * * *
The killer bee stings you.
* * * LOW HITPOINT WARNING * * *
You closely miss the killer bee.
The killer bee is moderately wounded.
You slash the killer bee!
The killer bee stings you but does no damage.
The killer bee stings you.
* * * LOW HITPOINT WARNING * * *
The killer bee stings you.
You die... ### #.#### #yyy@#

########y##y#
#<......y.#.#
########.l#.#
.y.!.#
......#
.......#
........#
.......#.#


You could see 5 killer bees.

Vanquished Creatures
  The ghost of chimenez the Sneak, a novice OpVM of Cheibriados (D:6)
  An eye of draining (D:6)
  An ogre (D:4)
  A bullfrog (D:6)
  3 hounds
  A bullfrog skeleton (D:3)
  An iguana (D:5)
  2 worker ants
  10 adders
  An adder skeleton (D:4)
  2 worms
  A dart slug (D:1)
  2 leopard geckos
  2 orcs (D:4)
  7 giant cockroaches
  9 goblins
  4 hobgoblins
  9 kobolds
  2 quokkas
  3 ball pythons
  8 bats
  4 frilled lizards
  A quokka skeleton (D:5)
  6 rats
  A plant (D:3)
83 creatures vanquished.

Vanquished Creatures (others)
  An orc priest (D:4)
1 creature vanquished.

Grand Total: 84 creatures vanquished

Notes
Turn   | Place    | Note
-------+----------+-------------------------------------------
     0 | D:1      | LanceBluefire the Hill Orc Fighter began the quest for the Orb.
     0 | D:1      | Reached XP level 1. HP: 19/19 MP: 1/1
   241 | D:1      | Reached XP level 2. HP: 26/27 MP: 2/2
   330 | D:1      | Reached skill level 3 in Axes
   717 | D:1      | Reached XP level 3. HP: 30/33 MP: 3/3
  1372 | D:2      | Found a faded altar of an unknown god.
  1932 | D:3      | Reached skill level 1 in Maces & Flails
  1932 | D:3      | Reached XP level 4. HP: 40/40 MP: 4/4
  2168 | D:3      | Reached skill level 4 in Axes
  2714 | D:3      | Gained mutation: Your spells are a little harder to cast, but a little more powerful. [potion of mutation]
  2714 | D:3      | Gained mutation: Your muscles are strong. (Str +2) [potion of mutation]
  2714 | D:3      | Gained mutation: You are partially covered in large bone plates. (SH +4) [potion of mutation]
  2717 | D:3      | Reached XP level 5. HP: 17/46 MP: 5/5
  2931 | D:4      | Became a worshipper of Beogh the Brigand
  3503 | D:4      | Noticed an ogre
  3513 | D:4      | Killed an ogre
  3513 | D:4      | Reached skill level 5 in Axes
  3513 | D:4      | Reached XP level 6. HP: 45/53 MP: 6/6
  3733 | D:4      | Found a staircase to the Ecumenical Temple.
  3755 | Temple   | Entered the Ecumenical Temple
  4004 | D:4      | Reached skill level 1 in Dodging
  4340 | D:5      | Entered Level 5 of the Dungeon
  4384 | D:5      | Reached skill level 6 in Axes
  4693 | D:6      | Reached XP level 7. HP: 48/60 MP: 7/7
  4764 | D:6      | Noticed chimenez's ghost (novice OpVM)
  4810 | D:6      | Killed chimenez's ghost
  4810 | D:6      | Reached skill level 5 in Fighting
  4810 | D:6      | Reached skill level 8 in Axes
  4810 | D:6      | Reached XP level 8. HP: 38/69 MP: 8/8
  5056 | D:7      | HP: 3/69 [killer bee (4)]
  5056 | D:7      | Slain by a killer bee

Skill      XL: |  1  2  3  4  5  6  7 |
---------------+----------------------+-----
Axes           | 3 4 5 6 8 |  8.0
Fighting       | 4 5 |  5.4
Maces & Flails | 1 2 3 |  3.4
Armour         | 4 |  4.8
Shields        | 4 |  4.5
Dodging        | 1 |  1.4

Action                   |  1- 3 |  4- 6 |  7- 9 || total
-------------------------+-------+-------+-------++-------
Melee: War axe           |   108 |   193 |    32 ||   333
Invok: Convert to Beogh  |       |     1 |       ||     1
  Use: Scroll            |     3 |       |       ||     3
       Potion            |     2 |     4 |     4 ||    10
  Eat: Bread ration      |     1 |     2 |       ||     3
       Fruit             |       |     1 |       ||     1
Armor: Scale mail        |    66 |   112 |    11 ||   189
Dodge: Dodged            |    44 |   126 |    33 ||   203
Block: Shield            |    55 |       |       ||    55
       Buckler           |     6 |    81 |    24 ||   111
